 Dungeon Crawl Stone Soup version 0.31-a0-365-gcf821cafb2 (webtiles) character file.

Game seed: 15298820621762337032

269026 HallandMoats the Demonic Catastrophe (level 19, -4/161 HPs)
             Began as a Demonspawn Fighter on July 27, 2023.
             Was an Elder of Qazlal.
             Slain by a ghost moth (9 damage)
             ... on level 3 of the Spider Nest on July 28, 2023.
             The game lasted 01:39:16 (42803 turns).

HallandMoats the Demonic Catastrophe (DsFi)        Turns: 42803, Time: 01:39:17

Health: -4/161     AC: 30    Str: 19 (20) XL:     19   Next: 77%
Magic:  0/36       EV:  6    Int:  9 (10) God:    Qazlal [****..]
Gold:   1394       SH: 11    Dex: 12 (13) Spells: 18/18 levels left

rFire   + .          .
                       - Unarmed
rCold   + . .        c - +0 buckler
rNeg    . . .        W - +5 gold dragon scales
rPois   +            N - +1 hat of Ozxioxt {+Blink Regen+ Int-4}
rElec   .            j - +0 cloak {rPois}
rCorr   .            (gloves unavailable)
SInv    .            T - +0 pair of boots of Patterns {Stlth+}
Will    ++...        J - amulet of guardian spirit Stlth
                     l - +4 ring of slaying
HPRegen 1.26/turn    S - +4 ring of slaying
MPRegen 0.25/turn

%: repel missiles, guardian spirit
@: studying 2 skills
A: claws 3, thin metallic scales 2, demonic guardian 3, foul stench 2, demonic
willpower
}: 1/15 runes: decaying
a: Renounce Religion, Evoke Blink, Upheaval, Elemental Force


You were on level 3 of the Spider Nest.
You worshipped Qazlal.
Qazlal was greatly pleased with you.
You visited 6 branches of the dungeon, and saw 33 of its levels.
You visited 1 bazaar.
You also visited: Ice Cave.

You collected 3763 gold pieces.
You spent 2369 gold pieces at shops.

Inventory:

Hand Weapons
 b - the +7 flail of Watchfulness {freeze, rN+ rCorr Dex-3}
   (You found it on level 12 of the Dungeon)

   Dex:       It affects your dexterity (-3).
   rN:        It protects you from negative energy.
   rCorr:     It protects you from acid and corrosion.
 s - a +0 broad axe of flaming
 x - the +13 scythe of Curses {drain, curses, Drain}
   (You took it off Grunn on level 2 of the Depths)

   Drain:     It drains your maximum health when unequipped.
Missiles
 Q - 2 throwing nets
Armour
 c - a +0 buckler (worn)
 j - a +0 cloak of poison resistance (worn)
 N - the +1 hat of Ozxioxt (worn) {+Blink Regen+ Int-4}
   (You acquired it in a bazaar)

   Int:       It affects your intelligence (-4).
   +Blink:    It lets you blink.
   Regen:     It increases your rate of health regeneration.
 R - a +0 troll leather armour
 T - the +0 pair of boots of Patterns (worn) {Stlth+}
   (You found it in an ice cave)

   Stlth:     It makes you more stealthy.
 W - +5 gold dragon scales (worn)
Jewellery
 g - a ring of positive energy
 l - a +4 ring of slaying (left claw)
 m - an amulet of regeneration
 n - a ring of wizardry
 p - a ring of see invisible
 q - a +4 ring of protection
 H - a ring of positive energy
 J - an amulet of guardian spirit (around neck)
 S - a +4 ring of slaying (right claw)
 X - the ring of Kymian {rElec rC- Int+6 Dex+3 Stlth+}
   (You found it on level 2 of the Depths)

   [ring of intelligence]

   Int:       It affects your intelligence (+6).
   Dex:       It affects your dexterity (+3).
   rC:        It makes you vulnerable to cold.
   rElec:     It insulates you from electricity.
   Stlth:     It makes you more stealthy.
Talismans
 G - a storm talisman
 M - a granite talisman
Wands
 i - a wand of paralysis (5)
 B - a wand of flame (59)
 C - a wand of iceblast (39)
 E - a wand of mindburst (3)
 K - a wand of digging (21)
 O - a wand of quicksilver (7)
 V - a wand of polymorph (16)
Scrolls
 a - 10 scrolls of identify
 d - a scroll of silence
 e - 6 scrolls of enchant weapon
 k - 4 scrolls of fog
 r - a scroll of enchant armour
 t - 8 scrolls of amnesia
 v - 3 scrolls of revelation
 y - 5 scrolls of poison
 D - 2 scrolls of immolation
 F - a scroll of brand weapon
 Y - a scroll of butterflies
Potions
 f - a potion of enlightenment
 o - 14 potions of curing
 u - 3 potions of might
 z - 2 potions of resistance
 A - 3 potions of mutation {unknown}
 I - 5 potions of attraction
 L - 6 potions of brilliance
 P - 7 potions of ambrosia
 U - 3 potions of cancellation {unknown}
 Z - a potion of magic


   Skills:
 + Level 17.4 Fighting
 - Level 4.6 Axes
 - Level 11.5 Armour
 - Level 10.9 Dodging
 - Level 6.1 Shields
 + Level 15.6 Unarmed Combat
 O Level 27 Invocations


You had 18 spell levels left.
You didn't know any spells.
Your spell library contained the following spells:

 Spells                   Type           Power      Damage    Failure   Level
 Foxfire                  Conj/Fire      0%         2x1d4     100%        1
 Summon Small Mammal      Summ           0%         N/A       100%        1
 Ensorcelled Hibernation  Hex/Ice        0%         N/A       100%        2
 Scorch                   Fire           0%         2d5       100%        2
 Static Discharge         Conj/Air       0%         2-2/arc   100%        2
 Call Canine Familiar     Summ           0%         N/A       100%        3
 Dazzling Flash           Conj/Hex       0%         N/A       100%        3
 Ozocubu's Armour         Ice            0%         N/A       100%        3
 Summon Guardian Golem    Hex/Summ       0%         N/A       100%        3
 Tukima's Dance           Hex            0%         N/A       100%        3
 Volatile Blastmotes      Fire/Tloc      0%         2d10      100%        3
 Airstrike                Air            0%         2d(0-16)  100%        4
 Anguish                  Hex/Necr       0%         N/A       100%        4
 Flame Wave               Conj/Fire      0%         2d4       100%        4
 Fulminant Prism          Conj/Hex       0%         3d5       100%        4
 Iskenderun's Mystic Bla  Conj/Tloc      0%         2d3       100%        4
 Passage of Golubria      Tloc           0%         N/A       100%        4
 Summon Lightning Spire   Summ/Air       0%         N/A       100%        4
 Metabolic Englaciation   Hex/Ice        0%         N/A       100%        5
 Summon Forest            Summ/Tloc      0%         N/A       100%        5
 Yara's Violent Unravell  Hex/Tmut       0%         3d3       100%        5
 Eringya's Noxious Bog    Tmut/Pois      0%         4d6       100%        6
 Plasma Beam              Fire/Air       0%         2x1d10    100%        6
 Simulacrum               Ice/Necr       0%         N/A       100%        6
 Starburst                Conj/Fire      0%         6d3       100%        6
 Summon Cactus Giant      Summ           0%         N/A       100%        6
 Summon Hydra             Summ           0%         N/A       100%        7
 Maxwell's Capacitive Co  Air            0%         ∞         100%        8


Dungeon Overview and Level Annotations

Branches:
Dungeon (15/15)            Temple (0/1) D:4            Lair (5/5) D:10
  Swamp (4/4) Lair:2       Spider (3/4) Lair:3        Slime (0/5) Lair:5
    Orc (2/2) D:10            Elf (0/3) Orc:2        Vaults (0/5) D:13
 Depths (4/4) D:15          IceCv (visited)
    Zot: Depths:4

Altars:
Ashenzari
Dithmenos
Gozag
Makhleb
Nemelex Xobeh
Okawaru
Qazlal
Ru
Sif Muna
Vehumet
Wu Jian
Xom

Shops:
D:7 [:?!*   D:9 (   D:11 !*   D:12 ?   D:13 *   D:14 :[[   Orc:2 =(*[*
Depths:3 *

Portals:
Hell: Depths:1 Depths:2 Depths:3 Depths:4
Abyss: Depths:3
Pandemonium: Depths:2 Depths:3
Ziggurat: Depths:2

Annotations:
Depths:1 2 runed translucent doors, Roffer's ghost, adept DsGl


Innate Abilities, Weirdness & Mutations

You have claws for hands.
You are mostly covered in thin metallic scales. (AC +3)
A powerful demonic guardian rushes to your aid.
You sometimes emit foul miasma when damaged in melee.
You punish those that try to bend your will. (Will+)


Message History

The jumping spider bites you but does no damage.
You feel you are being watched by something.
You feel your power leaking away. Something hits you!
* * * LOW HITPOINT WARNING * * *
A demonic guardian appears!
Deactivating autopickup; reactivate with Ctrl-A.
Something hits you but does no damage.
Something stings you but does no damage.
The radroach is engulfed in poison gas.
The radroach is poisoned.
A tarantella comes into view.
You block the wolf spider's attack. x2
The orb spider is engulfed in poison gas.
The orb spider is poisoned.
Unknown command.
Unknown command.
Unknown command.
You feel better. Qazlal accepts your kill.
You feel a bit more experienced.
The jumping spider is engulfed in dark miasma.
The jumping spider looks as sick as possible!
The jumping spider seems to slow down.
You kill the jumping spider!
Qazlal accepts your kill.
You feel you are being watched by something.
You feel your power leaking away. Something completely misses you.
You block something's attack. x2
The radroach is engulfed in poison gas.
The radroach looks even sicker.
The wolf spider is engulfed in a thunderstorm.
The wolf spider hits you.
* * * LOW HITPOINT WARNING * * *
The wolf spider bites you but does no damage.
The orb spider is engulfed in poison gas.
The orb spider looks even sicker.
You feel you are being watched by something.
Something hits you.
* * * LOW HITPOINT WARNING * * *
Something hits you but does no damage. Something stings you!
You die...

## §§§ ### ## §§§§ ##
#.##§§#
#B§§§#§###†.§§§#
#§#§..§§°.§§§§###
§§§§§§§@2§§§§§§.# .. ..
#§#§§§#s°§#§§§§##
..#.#§§§§##s§2§#...§.^#
.#..#§§..§s#§##..##...
#...#...#§#ss§ .s. ..
#.....#s§§..§#s..#. .
#.....#§§#.§§§○....
#.....§§..s#§.§..
#.<...#. .^#. ^. #


You could see a radroach (fleeing, very poisoned), a wolf spider (ally target),
an orb spider (charged, very poisoned), a jumping spider, a tarantella, a
redback, a friendly lorocyproca (summoned, invisible) and a friendly reaper
(summoned).

Vanquished Creatures
  A juggernaut (Depths:3)
  the Lernaean hydra (Swamp:4)
  5 caustic shrikes
  A golden dragon (Depths:2)
  2 bone dragons (Depths:2)
  3 doom hounds (Depths:2)
  Mlioglotl (Swamp:3)
  A tentacled monstrosity (Depths:3)
  A walking crystal tome (Depths:3)
  3 liches
  Grunn (Depths:2)
  2 quicksilver dragons
  A titan (Depths:3)
  An acid blob (Spider:2)
  4 fire giants
  4 frost giants
  A balrug (Depths:2)
  A juggernaut zombie (Depths:3)
  2 ghost moths
  An orc warlord (Orc:2)
  19 very ugly things
  2 broodmothers
  A spriggan defender (Depths:3)
  The ghost of Jyleaxt the Protected, a journeyman AtFi of Gozag (Orc:1)
  11 stone giants
  2 eleionomae
  A vampire knight (Depths:2)
  A spark wasp (Spider:2)
  5 bunyips
  2 dire elephants (Lair:3)
  2 green deaths (Swamp:4)
  11 crystal guardians (Depths:2)
  Josephine (Lair:3)
  2 ettins
  2 entropy weavers (Spider:2)
  A great orb of eyes (Swamp:4)
  A fire dragon (Depths:1)
  A rakshasa (Depths:2)
  4 ice dragons
  2 ghost crabs
  Erolcha (D:9)
  A caustic shrike simulacrum (Depths:3)
  2 catoblepae
  14 hydras
  2 spriggan air magi
  A death knight (D:14)
  A hell beast (Swamp:4)
  12 alligators
  An alligator (shapeshifter) (Depths:4)
  4 centaur warriors
  A radroach (Spider:2)
  5 two-headed ogres
  11 death yaks
  4 boulder beetles
  8 deep troll earth magi
  9 deep troll shamans
  4 orc high priests (Orc:2)
  2 tengu warriors
  A vampire mage (Depths:2)
  3 hell knights (Depths:3)
  8 spriggan berserkers
  A demonic crawler (Spider:3)
  5 skysharks
  A titan skeleton (Depths:3)
  A fire crab (Lair:4)
  5 iron trolls
  6 skeletal warriors
  A sixfirhy (Depths:2)
  An orb spider (Spider:3)
  4 spriggan druids
  A glowing orange brain (Depths:2)
  13 deep trolls
  A flayed ghost (D:15)
  5 goliath frogs
  10 swamp dragons
  2 orange crystal statues
  A wizard (Depths:3)
  4 bog bodies
  6 necromancers
  2 deep elf zephyrmancers
  5 deep elf pyromancers
  7 wolf spiders
  An oklob plant (Spider:2)
  15 ugly things
  3 orc knights
  4 orc sorcerers
  2 manticores
  3 cyclopes
  6 will-o-the-wisps
  6 elephants (Lair:4)
  3 black mambas
  Maurice (D:13)
  A guardian serpent (shapeshifter) (D:14)
  An ice statue (IceCv)
  23 cane toads
  A torpor snail (Lair:3)
  A smoke demon (Depths:2)
  3 gargoyles
  4 orange demons
  A freezing wraith (D:15)
  A spriggan zombie (D:15)
  2 rime drakes (Lair:3)
  16 komodo dragons
  A kobold demonologist (D:14)
  An anaconda simulacrum (IceCv)
  An unseen horror (D:12)
  A tormentor (Depths:2)
  2 tengu conjurers
  An efreet (D:14)
  A queen bee (Spider:2)
  7 trolls
  3 polar bears
  4 meliai
  10 tyrant leeches
  A sphinx simulacrum (Depths:3)
  A merfolk (shapeshifter) (Depths:3)
  13 tarantellas
  19 blink frogs (Lair:5)
  9 hornets
  8 dream sheep (Lair:4)
  23 slime creatures
  2 water elementals
  Sigmund (D:2)
  7 culicivoras
  7 jumping spiders
  A centaur simulacrum (D:15)
  2 vampires
  2 dire elephant simulacra (IceCv)
  4 shadows
  7 spriggans
  6 wraiths
  2 spriggan skeletons (D:15)
  Eustachio (D:5)
  5 wyverns
  65 yaks
  7 basilisks
  2 death yak simulacra (IceCv)
  4 steam dragons
  13 redbacks
  13 vampire mosquitoes
  18 swamp worms
  A harpy simulacrum (IceCv)
  8 acid dragons
  4 wargs
  Edmund (D:4)
  A hydra simulacrum (IceCv)
  15 water moccasins
  A floating eye (Depths:2)
  A swamp drake (shapeshifter) (Depths:3)
  A swamp drake (Swamp:2)
  An ice beast (D:8)
  2 black bears (Lair:3)
  36 orc warriors
  6 ogres
  3 sky beasts
  7 centaurs
  9 wolves
  3 kobold brigands
  24 bullfrogs
  7 two-headed ogre simulacra (IceCv)
  Blork the orc (D:4)
  3 scorpions
  4 wights (D:10)
  4 cane toad simulacra (IceCv)
  3 elephant simulacra (IceCv)
  28 killer bees
  5 howler monkeys
  5 electric eels
  5 jellies
  18 orc priests
  5 hounds
  A gnoll bouda (Orc:2)
  Crazy Yiuf (D:2)
  A sleepcap (D:6)
  19 iguanas
  Terence (D:2)
  22 orc wizards
  6 spriggan simulacra (IceCv)
  Natasha (thrice) (D:4)
  A hell rat (Lair:3)
  A polar bear simulacrum (IceCv)
  8 troll simulacra (IceCv)
  A wolf simulacrum (IceCv)
  Robin (D:3)
  8 gnolls
  5 adders
  4 naga simulacra (IceCv)
  A river rat (D:9)
  A shadow imp (D:5)
  17 white imps
  5 ufetubi
  A worm (D:4)
  3 dart slugs
  81 orcs
  8 endoplasms
  3 giant cockroaches
  16 goblins
  11 hobgoblins
  22 kobolds
  4 quokkas
  12 ball pythons
  4 bats
  22 frilled lizards
  3 rats
  2 butterflies (Lair:5)
1170 creatures vanquished.

Vanquished Creatures (collateral kills)
  A juggernaut (Depths:3)
  2 caustic shrikes (Depths:3)
  A tentacled monstrosity (Depths:3)
  Jorgrun (D:12)
  A walking divine tome (Depths:3)
  A frost giant (Depths:2)
  2 very ugly things
  A reaper (Depths:2)
  A dire elephant (Lair:3)
  3 slime creatures
  A fire dragon (Depths:2)
  A spriggan zombie (D:15)
  A hydra (Lair:2)
  A rakshasa (D:13)
  A ghost crab (Swamp:4)
  2 alligators (Swamp:3)
  A tengu warrior (D:13)
  A deep troll shaman (Depths:3)
  A demonic crawler (Spider:1)
  A pharaoh ant (Spider:2)
  An iron troll (Depths:3)
  A goliath frog (Swamp:1)
  2 deep trolls
  A bog body (Swamp:4)
  A spriggan druid (Swamp:4)
  An orc knight (Orc:2)
  A swamp dragon (Swamp:4)
  An ugly thing (D:12)
  A will-o-the-wisp (Swamp:4)
  A gargoyle (D:12)
  A cane toad (Lair:2)
  A komodo dragon (Lair:2)
  A troll (D:11)
  A tyrant leech (Swamp:1)
  4 hornets
  A tarantella (Spider:2)
  2 jumping spiders (Spider:1)
  A centaur simulacrum (D:15)
  A shadow (Swamp:4)
  2 yaks (D:8)
  A dire elephant simulacrum (IceCv)
  3 spriggans
  A wraith (D:12)
  2 basilisks (Lair:3)
  2 orc warriors
  A large abomination (Swamp:4)
  2 bullfrogs
  A killer bee (D:9)
  2 orc priests
  A jelly (D:4)
  2 orc wizards
  7 orcs
  A ball python (D:4)
77 creatures vanquished.

Vanquished Creatures (others)
  A fenstrider witch (Swamp:3)
  A hydra (Swamp:1)
  A cyclops (D:11)
  2 bloated husks
  A hornet (D:9)
  A vampire (D:12)
  A human (shapeshifter) (D:15)
  2 orcs (D:7)
  41 foxfires
51 creatures vanquished.

Grand Total: 1298 creatures vanquished

Notes
Turn   | Place    | Note
-------+----------+-------------------------------------------
     0 | D:1      | HallandMoats the Demonspawn Fighter began the quest for the
                  | Orb.
     0 | D:1      | Reached XP level 1. HP: 18/18 MP: 1/1
    76 | D:1      | Found a faded altar of an unknown god.
    82 | D:1      | Prayed at the altar of an unknown god.
    82 | D:1      | Became a worshipper of Qazlal Stormbringer
    82 | D:1      | Reached * piety under Qazlal
   266 | D:1      | Gained mutation: You may rarely emit foul miasma when
                  | damaged in melee. [demonic ancestry]
   266 | D:1      | Reached XP level 2. HP: 24/24 MP: 2/2
   302 | D:1      | Reached skill level 1 in Invocations
   871 | D:1      | Gained mutation: You have sharp fingernails. [demonic
                  | ancestry]
   871 | D:1      | Reached XP level 3. HP: 14/29 MP: 4/4
  1142 | D:2      | Reached skill level 2 in Invocations
  1147 | D:2      | Reached ** piety under Qazlal
  1312 | D:2      | Found a shimmering blue altar of Sif Muna.
  1335 | D:2      | Noticed Terence
  1343 | D:2      | Killed Terence
  1344 | D:2      | Gained mutation: A weak demonic guardian rushes to your
                  | aid. [demonic ancestry]
  1344 | D:2      | Reached XP level 4. HP: 20/35 MP: 5/5
  1539 | D:2      | Noticed Sigmund
  1545 | D:2      | Killed Sigmund
  1546 | D:2      | Reached skill level 1 in Dodging
  1546 | D:2      | Reached skill level 1 in Unarmed Combat
  1546 | D:2      | Reached skill level 3 in Invocations
  1546 | D:2      | Gained mutation: You have very sharp fingernails. [demonic
                  | ancestry]
  1546 | D:2      | Reached XP level 5. HP: 39/42 MP: 5/7
  1736 | D:2      | Found a runed translucent door.
  1737 | D:2      | Noticed Crazy Yiuf
  2053 | D:2      | Killed Crazy Yiuf
  2054 | D:2      | Reached XP level 6. HP: 48/48 MP: 6/8
  2394 | D:3      | Noticed Robin
  2405 | D:3      | Killed Robin
  2760 | D:4      | Noticed a sky beast
  2773 | D:4      | Killed a sky beast
  2774 | D:4      | Reached skill level 4 in Invocations
  2803 | D:4      | Reached *** piety under Qazlal
  2820 | D:4      | Found an ornate altar of the Wu Jian Council.
  3072 | D:4      | Noticed a sky beast
  3084 | D:4      | Killed a sky beast
  3085 | D:4      | Gained mutation: You are partially covered in thin metallic
                  | scales. (AC +2) [demonic ancestry]
  3085 | D:4      | Reached XP level 7. HP: 52/55 MP: 10/10
  3099 | D:4      | Noticed Natasha
  3105 | D:4      | Killed Natasha
  3315 | D:4      | Found a staircase to the Ecumenical Temple.
  3374 | D:4      | Noticed Natasha
  3392 | D:4      | Killed Natasha
  3496 | D:4      | Noticed Natasha
  3503 | D:4      | Killed Natasha
  3554 | D:4      | Found an opulent altar of Gozag.
  3571 | D:4      | Noticed Blork the orc
  3580 | D:4      | Killed Blork the orc
  3648 | D:4      | Found an iron altar of Okawaru.
  3770 | D:4      | Reached skill level 5 in Invocations
  3814 | D:4      | Noticed Edmund
  3828 | D:4      | Killed Edmund
  3829 | D:4      | Reached skill level 5 in Fighting
  3959 | D:5      | Entered Level 5 of the Dungeon
  3972 | D:5      | Gained mutation: A demonic guardian rushes to your aid.
                  | [demonic ancestry]
  3972 | D:5      | Reached XP level 8. HP: 42/62 MP: 11/11
  4065 | D:5      | Noticed Eustachio
  4236 | D:5      | Killed Eustachio
  4383 | D:5      | Reached **** piety under Qazlal
  4465 | D:5      | Found a burning altar of Makhleb.
  4465 | D:5      | Noticed a blizzard demon
  4601 | D:5      | Reached skill level 6 in Invocations
  4606 | D:5      | Found a sparkling altar of Nemelex Xobeh.
  4961 | D:5      | Noticed a hornet
  4967 | D:5      | Killed a hornet
  5454 | D:5      | Found a shimmering altar of Xom.
  5896 | D:6      | Reached XP level 9. HP: 54/69 MP: 12/14
  6147 | D:6      | Noticed a deep elf zephyrmancer
  6158 | D:6      | Killed a deep elf zephyrmancer
  6159 | D:6      | Reached skill level 7 in Invocations
  6826 | D:7      | Reached skill level 5 in Unarmed Combat
  6843 | D:7      | HP: 1/71 [steam dragon/ball of steam (12)]
  7378 | D:7      | Found Siokarua's Distillery.
  7378 | D:7      | Found Daiskiz's Lightly-Used Armoury.
  7391 | D:7      | Found Afyamoon's Magic Scroll Emporium.
  7391 | D:7      | Found Hije's Armour Emporium.
  7395 | D:7      | Bought a potion of curing for 36 gold pieces
  7397 | D:7      | Found Moag's Book Emporium.
  7399 | D:7      | Bought a scroll of teleportation for 42 gold pieces
  7474 | D:7      | Reached skill level 8 in Invocations
  7645 | D:8      | Found a shadowy altar of Dithmenos.
  7792 | D:8      | Reached ***** piety under Qazlal
  7812 | D:8      | Reached skill level 5 in Armour
  7859 | D:8      | Gained mutation: You have claws for hands. [demonic
                  | ancestry]
  7859 | D:8      | Reached XP level 10. HP: 71/79 MP: 16/16
  8201 | D:8      | Reached skill level 5 in Shields
  8938 | D:8      | Reached skill level 9 in Invocations
  9012 | D:9      | Paralysed by a hornet for 2 turns
  9554 | D:9      | Noticed Erolcha
  9559 | D:9      | Killed Erolcha
  9661 | D:9      | Noticed a two-headed ogre
  9668 | D:9      | Killed a two-headed ogre
  9669 | D:9      | Reached skill level 10 in Invocations
  9804 | D:9      | Found Aturghia's Antique Weapon Shoppe.
  9890 | D:9      | Found a radiant altar of Vehumet.
 10132 | D:10     | Entered Level 10 of the Dungeon
 10152 | D:10     | Reached XP level 11. HP: 76/87 MP: 18/18
 10182 | D:10     | Noticed a death yak
 10189 | D:10     | Noticed a death yak
 10208 | D:9      | Killed a death yak
 10209 | D:9      | Reached skill level 5 in Dodging
 10324 | D:10     | Noticed a death yak
 10537 | D:9      | Killed a death yak
 10763 | D:9      | Killed a death yak
 10915 | D:10     | Found a staircase to the Lair.
 10967 | D:10     | Found a sacrificial altar of Ru.
 11105 | D:10     | Noticed a two-headed ogre
 11115 | D:10     | Killed a two-headed ogre
 11116 | D:10     | Reached skill level 11 in Invocations
 11245 | D:10     | Found a staircase to the Orcish Mines.
 11557 | D:11     | Found a flickering gateway to a bazaar.
 11566 | Bazaar   | Entered a bazaar
 11602 | Bazaar   | Found Muitwyd's Assorted Antiques.
 11668 | Bazaar   | Found Qotzerec's Jewellery Shoppe.
 11713 | Bazaar   | Found Laeni's Jewellery Boutique.
 11756 | Bazaar   | Found Wooss's Jewellery Shoppe.
 12088 | Bazaar   | Bought a scroll labelled FAVVOIDW LUPHO for 28 gold pieces
 12091 | Bazaar   | Identified a scroll of acquirement
 12197 | Bazaar   | Acquired the +1 hat of Ozxioxt {+Blink Regen+ Int-4}
 12272 | Bazaar   | Bought a scroll of teleportation for 84 gold pieces
 12272 | Bazaar   | Bought a scroll of teleportation for 84 gold pieces
 12272 | Bazaar   | Bought a potion of curing for 84 gold pieces
 12357 | D:11     | Found Jawnaith's General Store.
 12406 | D:11     | Bought a potion of curing for 39 gold pieces
 12634 | D:11     | Found Xeysch's Distillery.
 12644 | D:11     | Bought a potion of degeneration for 13 gold pieces
 12644 | D:11     | Bought a potion of haste for 130 gold pieces
 12718 | D:11     | Identified the +1 leather armour of the Apprentice {Dex+2
                  | Stlth+}
 13133 | D:12     | Reached skill level 12 in Invocations
 13219 | D:12     | Noticed a cyan ugly thing
 13234 | D:12     | Killed a cyan ugly thing
 13237 | D:12     | Identified the +7 flail of Watchfulness {freeze, rN+ rCorr
                  | Dex-3}
 13566 | D:12     | Reached XP level 12. HP: 22/95 MP: 3/21
 13689 | D:12     | Found a transporter.
 13691 | D:12     | Found Pasef's Magic Scroll Boutique.
 13750 | D:12     | Found a transporter.
 13799 | D:12     | Noticed Jorgrun
 13815 | D:12     | Killed Jorgrun
 13939 | D:12     | Bought a scroll of noise for 14 gold pieces
 13940 | D:12     | Bought a scroll of teleportation for 42 gold pieces
 13954 | D:13     | Noticed Maurice
 13962 | D:13     | Killed Maurice
 13962 | D:13     | Noticed a rakshasa
 13963 | D:13     | Reached skill level 13 in Invocations
 13989 | D:13     | Killed a rakshasa
 13990 | D:13     | Noticed a five-headed hydra
 14024 | D:13     | Killed a five-headed hydra
 14276 | D:13     | Found Gaxuus's Goods Gallery.
 14384 | D:13     | Noticed a two-headed ogre
 14385 | D:13     | Noticed a two-headed ogre
 14399 | D:13     | Noticed a tengu warrior
 14413 | D:12     | Killed a two-headed ogre
 14414 | D:12     | Reached skill level 10 in Fighting
 14428 | D:12     | Killed a two-headed ogre
 14429 | D:12     | Reached skill level 14 in Invocations
 14494 | D:13     | Killed a tengu warrior
 14808 | D:13     | Noticed a centaur warrior
 14816 | D:13     | Killed a centaur warrior
 14859 | D:13     | Found a gate to the Vaults.
 14932 | D:13     | Gained mutation: You sometimes emit foul miasma when
                  | damaged in melee. [demonic ancestry]
 14932 | D:13     | Reached XP level 13. HP: 103/103 MP: 23/23
 15384 | D:14     | Found Qonenlui's Armour Emporium.
 15384 | D:14     | Found Ihi Vuna's Antique Armour Emporium.
 15384 | D:14     | Found Zeipsoum's Book Emporium.
 15921 | D:14     | Reached skill level 15 in Invocations
 16707 | D:15     | Entered Level 15 of the Dungeon
 17053 | D:15     | Reached skill level 16 in Invocations
 17269 | D:15     | Found a shadowy altar of Dithmenos.
 17352 | D:15     | Found a shimmering blue altar of Sif Muna.
 17614 | D:15     | Found a staircase to the Depths.
 18113 | Lair:1   | Entered Level 1 of the Lair of Beasts
 18287 | Lair:1   | Gained mutation: A powerful demonic guardian rushes to your
                  | aid. [demonic ancestry]
 18287 | Lair:1   | Reached XP level 14. HP: 113/113 MP: 22/26
 18450 | Lair:1   | Reached ****** piety under Qazlal
 19319 | Lair:2   | Reached skill level 17 in Invocations
 19690 | Lair:2   | Found a staircase to the Swamp.
 19923 | Lair:3   | Found a radiant altar of Vehumet.
 19955 | Lair:3   | Found a frozen archway.
 19988 | IceCv    | Entered an ice cave
 20728 | IceCv    | Reached skill level 10 in Unarmed Combat
 21022 | IceCv    | Identified the +0 pair of boots of Patterns {Stlth+}
 21027 | IceCv    | Identified the +6 short sword of Myomoshro {protect, rC+
                  | Str+2}
 21994 | Lair:3   | Found a hole to the Spider Nest.
 22169 | Lair:3   | Reached skill level 18 in Invocations
 22886 | Lair:3   | Reached skill level 10 in Armour
 23097 | Lair:4   | Noticed Josephine
 23111 | Lair:3   | Killed Josephine
 23119 | Lair:3   | Gained mutation: You are mostly covered in thin metallic
                  | scales. (AC +3) [demonic ancestry]
 23119 | Lair:3   | Reached XP level 15. HP: 36/120 MP: 5/28
 24200 | Lair:4   | Reached skill level 19 in Invocations
 24278 | Lair:4   | Identified the +9 mace "Dadih" {freeze, +Blink Dex+6}
 24498 | Lair:5   | Entered Level 5 of the Lair of Beasts
 24622 | Lair:5   | Reached skill level 10 in Dodging
 25170 | Lair:5   | Found a staircase to the Slime Pits.
 25797 | Orc:1    | Entered Level 1 of the Orcish Mines
 26050 | Orc:1    | Noticed Jyleaxt's ghost (journeyman AtFi)
 26076 | Orc:1    | Found a transporter.
 26079 | Orc:1    | Found a transporter.
 26132 | Orc:1    | Killed Jyleaxt's ghost
 26548 | Orc:2    | Entered Level 2 of the Orcish Mines
 26597 | Orc:2    | Reached skill level 20 in Invocations
 26927 | Orc:2    | Found Keabromopt's Overcharged Wands.
 26948 | Orc:2    | Found a staircase to the Elven Halls.
 27036 | Orc:2    | Reached XP level 16. HP: 56/130 MP: 7/30
 27837 | Orc:2    | Found Tafaritt's Antique Armour Shoppe.
 27838 | Orc:2    | Found Sergheewoy's Antique Weapon Shoppe.
 27840 | Orc:2    | Found Rihypionu's General Store.
 27840 | Orc:2    | Found Xuxt's Jewellery Emporium.
 28263 | D:13     | Bought +0 gold dragon scales for 1360 gold pieces
 28553 | Depths:1 | Entered Level 1 of the Depths
 29258 | Depths:1 | Found a runed translucent door.
 29258 | Depths:1 | Found a runed translucent door.
 29513 | Depths:1 | Noticed an ancient lich
 29517 | Depths:1 | Noticed a tentacled monstrosity
 29660 | Depths:1 | Reached skill level 21 in Invocations
 29956 | Depths:1 | Found a gateway to Hell.
 30101 | Depths:1 | Found a broken altar of Ashenzari.
 30248 | Depths:1 | Noticed a quicksilver dragon
 30248 | Depths:1 | a quicksilver dragon changed into a sphinx
 30248 | Depths:1 | Noticed a sphinx (glowing shapeshifter)
 30249 | Depths:1 | Noticed Roffer's ghost (adept DsGl)
 30249 | Depths:1 | a sphinx changed into an acid blob
 30249 | Depths:1 | Noticed an acid blob (glowing shapeshifter)
 30255 | Depths:1 | an acid blob changed into a sphinx
 30255 | Depths:1 | Noticed a sphinx (glowing shapeshifter)
 30260 | Depths:1 | a sphinx changed into a formless jellyfish
 30269 | Depths:1 | a formless jellyfish changed into an acid blob
 30269 | Depths:1 | Noticed an acid blob (glowing shapeshifter)
 30302 | Depths:2 | Noticed a quicksilver dragon
 30316 | Depths:1 | Killed a quicksilver dragon
 30570 | Depths:1 | Noticed a titan
 30570 | Depths:1 | a titan changed into an iron dragon
 30571 | Depths:1 | an iron dragon changed into a quicksilver dragon
 30571 | Depths:1 | Noticed a quicksilver dragon (glowing shapeshifter)
 30674 | Depths:2 | Noticed a doom hound
 30674 | Depths:2 | Noticed a doom hound
 30676 | Depths:2 | Noticed Grunn
 30677 | Depths:2 | Killed a doom hound
 30677 | Depths:2 | Killed a doom hound
 30682 | Depths:2 | Noticed a doom hound
 30686 | Depths:2 | Noticed a bone dragon
 30690 | Depths:2 | Noticed a bone dragon
 30695 | Depths:2 | Killed a doom hound
 30696 | Depths:2 | Reached skill level 22 in Invocations
 30696 | Depths:2 | Killed Grunn
 30697 | Depths:2 | Reached XP level 17. HP: 86/139 MP: 2/32
 30708 | Depths:2 | Killed a bone dragon
 30719 | Depths:2 | Killed a bone dragon
 30735 | Depths:2 | Paralysed by a floating eye for 2 turns
 30745 | Depths:2 | Found a one-way gateway to a ziggurat.
 31052 | Depths:2 | Found a one-way gate leading to the halls of Pandemonium.
 31921 | Depths:2 | Reached skill level 23 in Invocations
 31968 | Depths:2 | Found a shimmering blue altar of Sif Muna.
 32005 | Depths:2 | Identified the ring of Kymian {rElec rC- Int+6 Dex+3
                  | Stlth+}
 32539 | D:7      | Bought a scroll of enchant armour for 105 gold pieces
 32539 | D:7      | Bought a scroll of butterflies for 56 gold pieces
 32551 | D:7      | Bought a potion of curing for 36 gold pieces
 32551 | D:7      | Bought a potion of resistance for 120 gold pieces
 32551 | D:7      | Bought a potion of invisibility for 96 gold pieces
 32817 | Depths:3 | You fall into a shaft and drop 1 floor!
 32817 | Depths:4 | Entered Level 4 of the Depths
 32822 | Depths:4 | Noticed a caustic shrike
 32824 | Depths:4 | Noticed a caustic shrike
 32825 | Depths:4 | Noticed a caustic shrike
 32826 | Depths:4 | Killed a caustic shrike
 32828 | Depths:4 | Killed a caustic shrike
 32828 | Depths:4 | Noticed a lich
 32832 | Depths:4 | Killed a caustic shrike
 32849 | Depths:4 | Noticed a caustic shrike
 32849 | Depths:4 | Noticed a caustic shrike
 32849 | Depths:4 | Noticed a caustic shrike
 33165 | Depths:3 | Noticed a golden dragon
 33186 | Depths:2 | Killed a caustic shrike
 33547 | Depths:2 | Killed a golden dragon
 33646 | Depths:3 | Noticed a quicksilver dragon
 33660 | Depths:3 | Killed a quicksilver dragon
 33671 | Depths:3 | Reached skill level 15 in Fighting
 33682 | Depths:3 | Identified the +7 falchion "Dafox Bom" {flame, rC+ rN+}
 33753 | Depths:3 | Found a one-way gate to the infinite horrors of the Abyss.
 33842 | Depths:3 | Reached skill level 24 in Invocations
 33858 | Depths:3 | HP: 1/142 [spriggan air mage/bolt of lightning (35)]
 34357 | Depths:3 | Reached XP level 18. HP: 134/149 MP: 29/34
 34668 | Depths:3 | Found Vadyedai's Neck Hole.
 35126 | Depths:3 | Noticed a lich
 35130 | Depths:3 | Noticed a walking crystal tome
 35146 | Depths:3 | Killed a lich
 35161 | Depths:3 | Killed a walking crystal tome
 35174 | Depths:3 | Noticed a tentacled monstrosity
 35187 | Depths:3 | Killed a tentacled monstrosity
 35209 | Depths:3 | Noticed a lich
 35215 | Depths:3 | Killed a lich
 35230 | Depths:3 | Noticed a tentacled monstrosity
 35240 | Depths:3 | Killed a tentacled monstrosity
 35385 | Depths:3 | Noticed a juggernaut
 35461 | Depths:3 | Noticed a caustic shrike
 35480 | Depths:3 | Killed a caustic shrike
 35481 | Depths:3 | Reached skill level 25 in Invocations
 35543 | Depths:3 | Killed a juggernaut
 35556 | Depths:3 | Identified the +4 plate armour of the Eight Boll Weevils
                  | {rC- Int+2 Dex+4}
 35571 | Depths:3 | Noticed a juggernaut
 35609 | Depths:3 | Killed a juggernaut
 35848 | Depths:3 | Killed a caustic shrike
 35938 | Depths:3 | Killed a caustic shrike
 36454 | Depths:4 | Killed a lich
 36784 | Swamp:1  | Entered Level 1 of the Swamp
 37221 | Swamp:1  | Found an ornate altar of the Wu Jian Council.
 38144 | Swamp:2  | Noticed Mlioglotl
 38171 | Swamp:3  | Killed Mlioglotl
 38224 | Swamp:2  | Reached skill level 26 in Invocations
 38778 | Swamp:3  | Gained mutation: You punish those that try to bend your
                  | will. (Will+) [demonic ancestry]
 38778 | Swamp:3  | Reached XP level 19. HP: 71/151 MP: 15/36
 39547 | Swamp:4  | Entered Level 4 of the Swamp
 40211 | Swamp:4  | Noticed the 27-headed Lernaean hydra
 40215 | Swamp:4  | Killed the 27-headed Lernaean hydra
 40237 | Swamp:4  | Reached skill level 27 in Invocations
 40243 | Swamp:4  | Reached skill level 15 in Unarmed Combat
 40345 | Swamp:4  | Got a decaying rune of Zot
 40653 | Spider:1 | Entered Level 1 of the Spider Nest
 42802 | Spider:3 | HP: 3/161 [something (11)]
 42803 | Spider:3 | Slain by a ghost moth

Illustrated notes

Levels and vault maps discovered:
D:1:      onia_arrival_pyramid, layout_loops_corners,
          ebering_ecumenical_altar_mist
D:2:      layout_loops_corners, basic_altar, uniq_terence, uniq_sigmund,
          uniq_crazy_yiuf_cottage
D:3:      layout_rooms, uniq_robin
D:4:      layout_basic, mainiacjoe_overflow_boulevard,
          mainiacjoe_overflow_swirl, minmay_temple_entry_from_below_a,
          grunt_ministairs_9, uniq_natasha, uniq_edmund, uniq_blork_the_orc
D:5:      cheibrodos_two_vegetables, layout_basic, tgw_xom,
          nemelex_dance_club_becter, makhleb_altar_promises_db,
          serial_park_tiny_pond, uniq_eustachio
D:6:      layout_basic, guppyfry_early_elven_hall
D:7:      layout_rooms, st_stairs_10, glass_columns_a, minmay_shop_grid_forest,
          minmay_shop_damaged
D:8:      layout_basic, old_standard_altar, st_stairs_4, minmay_curled_crystal,
          minmay_misc_feat_rows
D:9:      layout_big_octagon, general_overflow_altar, serial_shops, shop,
          uniq_erolcha
D:10:     layout_rooms, nicolae_ru_great_annihilating_truth, dpeg_lair_monsters
D:11:     layout_small_grid, serial_shops, freezing_bzr, nicolae_lakefront_shop,
          shop, kennysheep_donut
D:12:     layout_basic, serial_shops, nicolae_shop_drivethru, uniq_jorgrun
D:13:     layout_loops_cross, david_vaults_1, nicolae_alphabet_shops,
          kennysheep_small_spiral, lightli_minifort, uniq_maurice
D:14:     layout_stronghold, kennysheep_nub, nicolae_shop_distant_corner_stores
D:15:     gammafunk_depths_entry_grave, layout_cave_pools, led_sif_pool,
          minivault_16, grunt_dithmenos_smoke_and_mirrors
Lair:1:   layout_regular_city, minivault_11, st_stairs_6
Lair:2:   layout_hall_layers, palyth_hydra_swamp_entry, serial_bayou_pond_d,
          serial_bayou_shore_b
Lair:3:   layout_regular_city, hellmonk_spider_entry_not_the_bees, basic_altar,
          portal_ice_cave_entry_imps, nicolae_lair_lakeside_cave
Lair:4:   lemuel_reptile_caves, layout_regular_city, nzn_random_ring,
          serial_bayou_shore_a, uniq_josephine
Lair:5:   minmay_lair_end_frog_pond, layout_regular_city,
          minmay_slime_entry_pillars, lemuel_fruit_fields
Swamp:1:  layout_basic_swamp, nicolae_swamp_godswood, swamp_pool2,
          nicolae_swamp_small_spring
Swamp:2:  layout_basic_swamp, evilmike_swamp_ruin_house_1, swamp_pool1,
          infiniplex_staircase_pool_2, uniq_mlioglotl
Swamp:3:  layout_falls_marsh, evilmike_swamp_ruin_house_4, swamp_pool2,
          nicolae_swamp_bean_lake
Swamp:4:  swamp_vile, layout_basic_swamp, swamp_pool1
Spider:1: layout_spider_delve
Spider:2: nicolae_spider_hilbert_zone_5 [nicolae_spider_hilbert_3_sides_1_open,
          nicolae_spider_hilbert_4_sides_1_open,
          nicolae_spider_hilbert_4_sides_1_open,
          nicolae_spider_hilbert_6_sides_1_open,
          nicolae_spider_hilbert_6_sides_1_open], special_room
          [special_room_bee], nicolae_spider_acid_house
Spider:3: layout_spider_delve, nicolae_spider_spiderdrome
Orc:1:    layout_caves, gammafunk_ghost_arena, nicolae_orc_flooded_monolith
Orc:2:    st_orc_congregation, layout_diamond_mine,
          nicolae_shop_overcharged_wands
Depths:1: layout_gridlike, hell_entry, minmay_misc_feat_pillars,
          muffindrake_ghost_dual_entry, serial_bayou_pond_b,
          minmay_misc_feat_doors, minmay_misc_feat_chi,
          kennysheep_cross_bottleneck, ashenzari_altar_1
Depths:2: minmay_crystal_thing, layout_cave_shapes, enter_ziggurat_b,
          nicolae_elevator_lobby_plus, hell_entry, rand_demon_pan_entry_1,
          infiniplex_staircase_door_maze, uniq_grunn
Depths:3: cheibrodos_leafed_vault, layout_small_grid,
          minmay_misc_feat_diagonals, grunt_metal_band, grunt_pan_entry_zigzag,
          hangedman_abyss_entry_splay, nicolae_shop_sticking_my_neck_out
Depths:4: grunt_zot_entry_funnels, layout_cave_shapes, hell_entry,
          minmay_variable_closet, drop_trap, grunt_guarded_unrand_obsidian_axe,
          uniq_josephina

Skill      XL: |  1  2  3  4  5  6  7  8  9 10 11 12 13 14 15 16 17 18 19 |
---------------+----------------------------------------------------------+-----
Axes           | 2 3 4 |  4.6
Invocations    | 1 2 3 4 5 6 8 10 12 14 16 18 20 22 24 26 27 | 27.0
Armour         | 3 4 5 6 8 9 10 11 | 11.5
Shields        | 3 4 5 6 |  6.1
Dodging        | 1 2 3 4 6 7 8 9 10 | 10.9
Unarmed Combat | 1 2 3 4 5 6 7 8 9 10 11 12 13 14 15 | 15.6
Fighting       | 4 5 6 7 8 9 10 11 12 13 14 15 16 17 | 17.4

Action                     |  1- 3 |  4- 6 |  7- 9 | 10-12 | 13-15 | 16-18 | 19-21 || total
---------------------------+-------+-------+-------+-------+-------+-------+-------++-------
  Melee: War axe           |   109 |   156 |   338 |       |       |       |       ||   603
         Unarmed           |       |       |    14 |   504 |  1239 |  1131 |   363 ||  3251
         Flail             |       |       |       |     8 |    23 |    34 |    34 ||    99
 Invoke: Upheaval          |       |       |       |     2 |       |       |       ||     2
         Disaster Area     |       |       |       |     1 |     3 |     8 |     6 ||    18
         Elemental Force   |       |       |       |       |       |     1 |       ||     1
  Evoke: Wand              |       |       |       |     2 |     2 |     3 |     1 ||     8
    Use: Potion            |       |     2 |     5 |       |     1 |    20 |     4 ||    32
         Scroll            |       |     1 |       |    10 |    18 |    31 |     3 ||    63
   Stab: Paralysed         |       |       |       |     1 |       |     1 |       ||     2
         Petrifying        |       |       |       |       |     1 |       |       ||     1
         Distracted        |       |       |       |       |     1 |     1 |     2 ||     4
         Invisible         |       |       |       |       |       |     6 |       ||     6
 Armour: Scale mail        |    46 |    62 |   169 |    83 |       |       |       ||   360
         Skin              |       |     1 |       |       |       |       |       ||     1
         Troll leather arm |       |       |       |   107 |   387 |    38 |       ||   532
         Gold dragon scale |       |       |       |       |       |   688 |   402 ||  1090
  Dodge: Dodged            |    40 |    86 |   172 |   253 |   771 |   356 |    97 ||  1775
         Repelled          |       |       |     1 |     5 |    13 |    13 |     4 ||    36
  Block: Buckler           |    40 |    83 |   224 |   291 |   972 |   659 |   294 ||  2563
         Other             |       |       |     2 |       |       |       |       ||     2

Table legend: (Time is in decaauts)
 A = Elapsed time spent in this place.
 B = Non-inter-level travel time spent in this place.
 C = Inter-level travel time spent in this place.
 D = Time resting spent in this place.
 E = Time spent auto-exploring this place.
 F = Levels seen in this place.
 G = Mean time per level.
                   A        B        C        D        E       F      G
               +--------+--------+--------+--------+--------+-----+--------+
         Total |  42951 |  40133 |   2818 |   9510 |  21358 |  35 | 1227.2 |
       Dungeon |  19014 |  17288 |   1726 |   3603 |  10003 |  15 | 1267.6 |
          Lair |   6496 |   6069 |    427 |    703 |   3971 |   5 | 1299.2 |
         Swamp |   3973 |   3805 |    168 |    975 |   1937 |   4 |  993.2 |
   Spider Nest |   1817 |   1741 |     76 |    537 |    826 |   3 |  605.7 |
  Orcish Mines |   2342 |   2231 |    111 |    455 |   1285 |   2 | 1171.0 |
        Depths |   6945 |   6637 |    308 |   2676 |   2303 |   4 | 1736.2 |
        Bazaar |    778 |    778 |      0 |    100 |    427 |   1 |  778.0 |
      Ice Cave |   1583 |   1583 |      0 |    460 |    605 |   1 | 1583.0 |
               +--------+--------+--------+--------+--------+-----+--------+

Top non-repeatable levels by time:
Depths:2: 2840 daAuts
Depths:3: 2341 daAuts
  Lair:3: 2012 daAuts
    D:13: 1758 daAuts
     D:9: 1672 daAuts
Depths:1: 1607 daAuts
   IceCv: 1583 daAuts
     D:5: 1583 daAuts
     D:8: 1557 daAuts
    D:15: 1527 daAuts
    D:14: 1498 daAuts
     D:4: 1422 daAuts
  Lair:4: 1313 daAuts
   Orc:1: 1268 daAuts
 Swamp:3: 1265 daAuts
